 Dungeon Crawl Stone Soup version 0.32-a0-86-g8db1b9f803 (webtiles) character file.

Game seed: 14139956743845985529

694 Ceno the Sneak (level 7, -1/36 HPs)
             Began as a Vine Stalker Earth Elementalist on Feb 6, 2024.
             Was a Believer of Elyvilon.
             Killed from afar by a steam dragon (11 damage)
             ... with a ball of steam
             ... on level 7 of the Dungeon.
             The game lasted 00:12:58 (5249 turns).

Ceno the Sneak (Vine Stalker Earth Elementalist)    Turns: 5249, Time: 00:12:58

Health: -1/36      AC:  7    Str: 11    XL:     7   Next: 64%
Magic:  0/14       EV: 12    Int: 15    God:    Elyvilon [**....]
Gold:   328        SH:  0    Dex: 16    Spells: 8/15 levels left

rFire   . . .        a - +0 dagger (holy)
rCold   . . .        (no shield)
rNeg    . . .        e - +0 robe
rPois   +            (no helmet)
rElec   .            v - +0 cloak
rCorr   .            (no gloves)
SInv    .            (no boots)
Will    .....        (no amulet)
Stlth   +++          y - +4 ring of protection
HPRegen 1.06/turn    l - ring of poison resistance
MPRegen 0.14/turn

%: guardian spirit
@: mighty
A: fangs 2, regeneration 1, magic shield, antimagic bite, no potion heal 2
a: Renounce Religion, Purification, Heal Other


You were on level 7 of the Dungeon.
You worshipped Elyvilon.
Elyvilon was pleased with you.
You visited 2 branches of the dungeon, and saw 8 of its levels.

You collected 328 gold pieces.

Inventory:

Hand Weapons
 a - a +0 dagger of holy wrath (weapon)
Missiles
 f - 43 stones (quivered)
 p - 10 poisoned darts
Armour
 e - a +0 robe (worn)
 v - a +0 cloak (worn)
Jewellery
 l - a ring of poison resistance (right hand)
 y - a +4 ring of protection (left hand)
 E - a ring of magical power
 F - a ring of protection from cold
Wands
 r - a wand of paralysis (13)
 G - a wand of acid (9)
Scrolls
 j - a scroll of revelation {unknown}
 k - 4 scrolls of immolation
 m - a scroll of enchant armour {unknown}
 q - a scroll of noise
 s - a scroll of torment {unknown}
 t - a scroll of blinking {unknown}
 u - a scroll of amnesia
 x - a scroll of teleportation
 B - 2 scrolls of vulnerability {unknown}
 C - a scroll of summoning {unknown}
 D - a scroll of brand weapon {unknown}
Potions
 b - a potion of magic
 c - 2 potions of mutation
 d - 4 potions of might
 g - 2 potions of resistance {unknown}
 h - 4 potions of enlightenment
 i - 2 potions of degeneration {unknown}
 n - 3 potions of heal wounds {unknown}
 o - 2 potions of curing {unknown}
 w - a potion of attraction {unknown}
 z - a potion of ambrosia {unknown}
 A - a potion of haste {unknown}


   Skills:
 + Level 3.4 Fighting
 - Level 1.5 Dodging
 + Level 5.8 Stealth
 + Level 4.5 Spellcasting
 - Level 1.0 Conjurations
 + Level 5.0 Earth Magic


You had 8 spell levels left.
You knew the following spells:

 Your Spells              Type           Power      Damage    Failure   Level
a - Sandblast             Erth           36%        2d10      2%          1
b - Passwall              Erth           18%        N/A       7%          3
c - Stone Arrow           Conj/Erth      24%        3d8       16%         3

Your spell library contained the following spells:

 Spells                   Type           Power      Damage    Failure   Level
 Foxfire                  Conj/Fire      16%        2x1d4     14%         1
 Lesser Beckoning         Tloc           6%         N/A       26%         2
 Gell's Gravitas          Tloc           3%         N/A       45%         3
 Teleport Other           Tloc           3%         N/A       45%         3
 Brom's Barrelling Bould  Conj/Erth      12%        2d4       45%         4
 Petrify                  Alch/Erth      10%        N/A       52%         4
 Plasma Beam              Fire/Air       1%         2x1d11    100%        6
 Starburst                Conj/Fire      2%         6d3       100%        6


Dungeon Overview and Level Annotations

Branches:
Dungeon (7/15)             Temple (1/1) D:5

Altars:
Elyvilon
Fedhas
Gozag
Hepliaklqana
Kikubaaqudgha
Makhleb
Nemelex Xobeh
Okawaru
Ru
Sif Muna
Trog
Wu Jian
Zin
The Shining One

Shops:
D:1 :

Annotations:
D:3 3 runed translucent doors, justen's ghost, weakling TrBe
D:4 exclusion: scorpion
D:5 Eustachio
D:7 Maggie


Innate Abilities, Weirdness & Mutations

You have extremely sharp teeth.
Your natural rate of healing is unusually fast.
When hurt, damage is shared between your health and your magic reserves.
Your bite disrupts and absorbs the magic of your enemies.
Potions cannot restore your health.


Message History

The steam dragon is lightly wounded.
The steam dragon closely misses you. The steam dragon barely misses you.
You hit the steam dragon but do no damage.
The steam dragon is lightly wounded.
The steam dragon bites you. The steam dragon claws you.
You hit the steam dragon but do no damage.
You bite the steam dragon, but do no damage.
The steam dragon is lightly wounded.
The steam dragon bites you.
The steam dragon claws you but does no damage.
You barely miss the steam dragon.
The steam dragon is lightly wounded.
The steam dragon bites you but does no damage.
The steam dragon claws you.
You closely miss the steam dragon.
The steam dragon is lightly wounded.
The steam dragon barely misses you. The steam dragon closely misses you.
You barely miss the steam dragon.
You bite the steam dragon, but do no damage.
The steam dragon is lightly wounded.
The steam dragon bites you!
* * * LOW HITPOINT WARNING * * *
The steam dragon barely misses you.
You feel very mighty all of a sudden. The steam dragon barely misses you.
The steam dragon closely misses you.
You hit the steam dragon.
The steam dragon is moderately wounded.
The steam dragon barely misses you.
The steam dragon claws you but does no damage.
You hit the steam dragon. You bite the steam dragon! You drain its power.
You feel invigorated.
The steam dragon is severely wounded.
The steam dragon bites you!
* * * LOW HITPOINT WARNING * * *
The steam dragon claws you but does no damage.
You barely miss the steam dragon.
The steam dragon is severely wounded.
The steam dragon breathes steam at you. The ball of steam hits you!!
You die...

##### ## ##...##.+ ..
#.......# ...##
#.......# @.....###
#.......### #
........###.........#.#
......................#
..............@.......#
...........<..D<.......
...............>.....[#
........#..#........###
........#.###......##
..........# #....###
........## ##.###
....... ### ....#


You could see a steam dragon (catching breath).

Vanquished Creatures
  2 centaurs
  A bullfrog (D:7)
  Blork the orc (D:5)
  A scorpion (D:5)
  A bombardier beetle (D:4)
  A howler monkey (D:5)
  A jelly (D:6)
  2 hounds
  A sleepcap (D:5)
  An iguana (D:5)
  3 gnolls (D:6)
  3 adders (D:3)
  A shadow imp (D:5)
  5 ribbon worms
  2 orcs
  8 ball pythons
  3 bats
  6 endoplasms
  6 goblins
  4 hobgoblins
  4 quokkas
  3 frilled lizards
  4 kobolds
  2 rats
66 creatures vanquished.

Notes
Turn   | Place    | Note
-------+----------+-------------------------------------------
     0 | D:1      | Ceno the Vine Stalker Earth Elementalist began the quest
                  | for the Orb.
     0 | D:1      | Reached XP level 1. HP: 9/9 MP: 4/4
    25 | D:1      | Found Kekliy's Book Shop.
   316 | D:1      | Reached XP level 2. HP: 14/14 MP: 6/6
  1261 | D:2      | Found a faded altar of an unknown god.
  1375 | D:2      | Reached XP level 3. HP: 17/17 MP: 7/7
  1379 | D:2      | Learned a level 3 spell: Passwall
  1383 | D:2      | Learned a level 3 spell: Stone Arrow
  1497 | D:2      | Reached skill level 1 in Fighting
  2035 | D:3      | Found a runed translucent gate.
  2036 | D:3      | Found a runed translucent gate.
  2036 | D:3      | Found a runed translucent gate.
  2039 | D:3      | Noticed justen's ghost (weakling TrBe)
  2309 | D:3      | Found a glowing silver altar of Zin.
  2376 | D:3      | Reached XP level 4. HP: 11/22 MP: 7/9
  3025 | D:4      | Noticed a scorpion
  3268 | D:4      | Reached XP level 5. HP: 26/26 MP: 3/10
  3557 | D:5      | Entered Level 5 of the Dungeon
  3557 | D:5      | Noticed a centaur
  3569 | D:5      | Killed a centaur
  3570 | D:5      | Reached XP level 6. HP: 28/30 MP: 7/12
  3668 | D:5      | Found an ornate altar of the Wu Jian Council.
  3668 | D:5      | Found an opulent altar of Gozag.
  3687 | D:5      | Noticed Eustachio
  3831 | D:5      | Found a staircase to the Ecumenical Temple.
  3844 | Temple   | Entered the Ecumenical Temple
  3849 | Temple   | Became a worshipper of Elyvilon the Healer
  3927 | D:5      | Noticed Blork the orc
  3944 | D:5      | Killed Blork the orc
  3945 | D:5      | Reached skill level 5 in Stealth
  4030 | D:5      | Reached XP level 7. HP: 18/36 MP: 12/14
  4395 | D:6      | Reached * piety under Elyvilon
  5057 | D:7      | Noticed a steam dragon
  5062 | D:7      | Reached skill level 5 in Earth Magic
  5142 | D:7      | Reached ** piety under Elyvilon
  5157 | D:7      | Noticed Maggie
  5249 | D:7      | Killed from afar by a steam dragon

Illustrated notes

Levels and vault maps discovered:
D:1:      dpeg_arrival_pits, layout_basic, serial_shops, shop
D:2:      layout_basic, ebering_ecumenical_altar_rust
D:3:      layout_basic, mainiacjoe_overflow_alcove_2,
          gammafunk_ghost_necromancy, nicolae_kite_square_tiling_tiny,
          due_unseen_surprise
D:4:      layout_basic
D:5:      layout_cave_pools, gammafunk_temple_overflow_statue,
          minmay_temple_entry_sparse_star, uniq_eustachio, uniq_blork_the_orc
D:6:      layout_basic
D:7:      layout_cave_pods, mainiacjoe_overflow_24_doors, serial_shops,
          nicolae_shop_trees, uniq_duvessa, uniq_maggie
Temple:   minmay_freezing_vapour_temple

Skill      XL: |  1  2  3  4  5  6  7 |
---------------+----------------------+-----
Stealth        | 3 4 5 |  5.8
Fighting       | 1 2 3 |  3.4
Spellcasting   | 3 4 |  4.5
Earth Magic    | 4 5 |  5.0
Dodging        | |  1.5
Conjurations   | |  1.0

Action                     |  1- 3 |  4- 6 |  7- 9 || total
---------------------------+-------+-------+-------++-------
  Melee: Dagger            |   117 |   106 |    45 ||   268
         Bite              |    30 |    36 |    18 ||    84
         Punch             |     5 |     8 |     2 ||    15
  Throw: Stone             |       |     3 |     1 ||     4
   Cast: Sandblast         |    15 |    14 |     5 ||    34
         Passwall          |       |     6 |     2 ||     8
    Use: Scroll            |       |       |     7 ||     7
         Potion            |       |       |     1 ||     1
   Stab: Sleeping          |     6 |     9 |     3 ||    18
 Armour: Robe              |    47 |    68 |    49 ||   164
  Dodge: Dodged            |    61 |    50 |    41 ||   152

Table legend: (Time is in decaauts)
 A = Elapsed time spent in this place.
 B = Non-inter-level travel time spent in this place.
 C = Inter-level travel time spent in this place.
 D = Time resting spent in this place.
 E = Time spent auto-exploring this place.
 F = Levels seen in this place.
 G = Mean time per level.
                   A        B        C        D        E       F      G
               +--------+--------+--------+--------+--------+-----+--------+
         Total |   5265 |   5064 |    201 |    166 |   3739 |   8 |  658.1 |
       Dungeon |   5254 |   5053 |    201 |    166 |   3739 |   7 |  750.6 |
        Temple |     10 |     10 |      0 |      0 |      0 |   1 |   10.0 |
               +--------+--------+--------+--------+--------+-----+--------+

Top non-repeatable levels by time:
     D:1: 1106 daAuts
     D:3: 1000 daAuts
     D:2: 852 daAuts
     D:6: 837 daAuts
     D:5: 766 daAuts
     D:4: 608 daAuts
     D:7: 82 daAuts
  Temple: 10 daAuts
